AoeStats
← dashuaibi

Arena

509844046Analyzed
3v3 RM · 4d ago on Sep 28, 2026· 47m 7s· 6 players
Game mode
Random Map
Map size
Normal (6 player)
Population
200
Speed
Normal
Resources
Standard
Victory
Conquest
Starting age
Dark Age
Ending age
Imperial Age
RankedLock teamsTeams togetherTeam positionsShared explorationLock speedFull tech treeHidden civsTurbo modeCheats
Victory
Defeat
🇺🇸 Italians · United States
1453
+15
🇩🇪 Teutons · Germany
1369
+18
🇧🇷 Bulgarians · Brazil
1259
+23
🇹🇼 Danes · Taiwan
1447
-20
🇨🇳 Persians · China
1430
-19
🇨🇳 Mongols · China
1377
-17
dashuaibi
9:49 Feudal Age
12:01 Double-Bit Axe
14:30 Castle Age
12:37 Horse Collar
24:24 Wheelbarrow
24:18 Stone Mining
24:18 Gold Mining
25:26 Loom
28:48 Imperial Age
26:34 Hand Cart
26:05 Town Watch
27:08 Gold Shaft Mining
27:08 Stone Shaft Mining
26:36 Fletching
27:15 Padded Archer Armor
28:10 Stone Shaft Mining
27:50 Bodkin Arrow
28:25 Bloodlines
28:16 Husbandry
29:06 Ballistics
29:03 Leather Archer Armor
28:55 Scale Barding Armor
28:58 Thumb Ring
29:44 Bracer
30:47 Chemistry
30:31 Bow Saw
30:26 Heavy Plow
30:49 Chain Barding Armor
31:02 Parthian Tactics
31:01 Conscription
31:54 Elite Mangudai
33:51 Capped Ram
35:48 Siege Ram
37:11 Drill
42:19 Forging
41:32 Light Cavalry
43:36 Hussar
46:33 Iron Casting
Advanced Micro Devices
10:57 Feudal Age
11:50 Double-Bit Axe
14:31 Castle Age
12:55 Horse Collar
16:26 Bow Saw
17:48 Wheelbarrow
17:01 Loom
22:36 Heavy Plow
24:00 Hand Cart
25:21 Scale Mail Armor
25:31 Forging
28:37 Imperial Age
26:10 Gold Mining
26:34 Squires
26:21 Arson
26:24 Gambesons
26:57 Chain Mail Armor
26:53 Stone Mining
29:14 Iron Casting
30:01 Plate Mail Armor
29:27 Elite Varangian Guard
29:39 Hamask
32:23 Blast Furnace
31:18 Capped Ram
34:40 Fletching
34:49 Siege Ram
36:01 Siege Engineers
36:06 Onager
37:15 Man-at-Arms
38:25 Masonry
39:19 Chemistry
38:04 Long Swordsman
39:09 Siege Onager
39:45 Two-Handed Swordsman
41:04 Ballistics
41:46 Champion
46:00 Pikeman
秦墨子
10:06 Feudal Age
13:36 Castle Age
11:42 Horse Collar
12:15 Double-Bit Axe
19:40 Wheelbarrow
21:33 Hand Cart
22:31 Gold Mining
23:01 Bow Saw
24:06 Gold Shaft Mining
23:24 Stone Mining
24:24 Heavy Plow
25:01 Stone Shaft Mining
28:28 Imperial Age
25:49 Loom
25:49 Town Watch
27:08 Heated Shot
27:38 Ballistics
27:42 Town Patrol
28:23 Padded Archer Armor
28:37 Squires
27:59 Pikeman
29:48 Chemistry
29:19 Thumb Ring
28:35 Crossbowman
30:19 Two-Man Saw
29:51 Crop Rotation
29:39 Forging
29:20 Fletching
29:50 Leather Archer Armor
29:51 Halberdier
30:17 Arson
31:06 Ring Archer Armor
31:11 Iron Casting
30:37 Scale Mail Armor
31:37 Conscription
32:25 Capped Ram
33:55 Kamandaran
37:34 Citadels
42:25 Chain Mail Armor
43:12 Blast Furnace
Problem
10:03 Feudal Age
13:45 Castle Age
11:50 Double-Bit Axe
11:47 Horse Collar
15:05 Loom
16:50 Town Watch
21:42 Wheelbarrow
21:19 Bow Saw
24:02 Fletching
28:08 Imperial Age
26:10 Stone Mining
28:47 Hand Cart
28:47 Bodkin Arrow
28:53 Padded Archer Armor
29:49 Bracer
30:41 Conscription
31:54 Chemistry
31:14 Ballistics
31:06 Masonry
31:13 Masonry
30:46 Treadmill Crane
31:39 Thumb Ring
32:21 Murder Holes
32:39 Fortified Wall
32:26 Murder Holes
32:52 Ballistics
32:43 Masonry
33:07 Leather Archer Armor
33:26 Pirotechnia
36:48 Gold Mining
40:24 Leather Archer Armor
41:46 Ring Archer Armor
43:20 Elite Genoese Crossbowman
N
9:35 Feudal Age
13:36 Castle Age
11:42 Double-Bit Axe
11:54 Horse Collar
16:34 Loom
16:38 Town Watch
20:10 Stone Mining
20:11 Gold Mining
20:42 Bow Saw
21:33 Fervor
23:04 Gold Mining
23:16 Heavy Plow
24:55 Wheelbarrow
27:38 Imperial Age
27:37 Hand Cart
27:26 Scale Mail Armor
27:37 Forging
28:04 Chain Mail Armor
29:26 Chemistry
29:03 Iron Casting
29:31 Two-Man Saw
29:11 Crop Rotation
29:53 Plate Mail Armor
30:51 Blast Furnace
29:58 Squires
29:24 Pikeman
30:45 Conscription
30:41 Fletching
31:03 Fortified Wall
31:15 Ballistics
30:56 Halberdier
31:22 Arson
31:58 Block Printing
32:19 Sanctity
33:06 Illumination
34:15 Hoardings
35:57 Redemption
36:00 Bodkin Arrow
36:12 Siege Engineers
41:01 Crenellations
40:57 Masonry
[LCDR]->GOG
10:42 Feudal Age
11:40 Loom
15:28 Castle Age
13:58 Forging
13:38 Double-Bit Axe
13:54 Horse Collar
14:35 Forging
14:40 Scale Barding Armor
16:37 Bow Saw
21:42 Wheelbarrow
23:20 Heavy Plow
25:16 Hand Cart
27:12 Gold Mining
27:12 Stone Mining
28:50 Gold Shaft Mining
28:34 Arson
28:49 Squires
28:35 Gambesons
32:28 Imperial Age
30:51 Stone Shaft Mining
30:40 Ballistics
30:32 Masonry
30:29 Stirrups
30:41 Scale Barding Armor
30:37 Scale Mail Armor
31:12 Iron Casting
32:32 Bloodlines
32:22 Husbandry
33:20 Chain Barding Armor
33:16 Chain Mail Armor
32:50 Elite Konnik
33:51 Conscription
33:31 Bagains
34:34 Blast Furnace
34:12 Plate Barding Armor
34:26 Light Cavalry
36:15 Chemistry
36:12 Plate Mail Armor
35:33 Fletching
35:58 Capped Ram
37:43 Bodkin Arrow
38:24 Hussar
43:24 Siege Ram
44:20 Bracer
Connection lost

Rejoining the realm…

Still unreachable

The connection could not be restored.

Session expired

The server has moved on; the page needs a fresh start.